 Dungeon Crawl Stone Soup version 0.23.1 (webtiles) character file.

Game seed: 0

650 glosham the Magician (level 7, -1/53 HPs)
             Began as a Mummy Earth Elementalist on Mar 12, 2019.
             Slain by a gnoll (2 damage)
             ... on level 5 of the Dungeon.
             The game lasted 00:33:13 (1489 turns).

glosham the Magician (Mummy Earth Elementalist)     Turns: 1489, Time: 00:33:14

Health: -1/53      AC:  8    Str: 11    XL:     7   Next: 28%
Magic:  15/15      EV: 10    Int: 17    God:
Gold:   41         SH:  0    Dex: 12    Spells: 13/16 levels left

rFire    x . .     SeeInvis .   a - +2 war axe (vamp)
rCold    + . .     Gourm    .   (no shield)
rNeg     + + +     Faith    .   l - +0 ring mail
rPois    ∞         Spirit   .   U - +2 helmet
rElec    .         Reflect  .   (no cloak)
rCorr    .         Harm     .   (no gloves)
MR       .....                  (no boots)
Stlth    +.........             (no amulet)
HPRegen  0.17/turn              (no ring)
MPRegen  0.14/turn              (no ring)

@: no status effects
A: no food or potions, fire vulnerability, cold resistance 1, negative energy
resistance 3, torment resistance, unbreathing
a: no special abilities


You were on level 5 of the Dungeon.
You were not hungry.

You visited 1 branch of the dungeon, and saw 5 of its levels.

You collected 41 gold pieces.

Inventory:

Hand Weapons
 a - a +2 vampiric war axe (weapon)
 b - a +1 flail of protection
 c - a +0 blowgun
 d - a +0 halberd
 f - a +1 rapier
Missiles
 e - 32 sling bullets
 g - 5 curare-tipped needles
 i - 31 poisoned needles
 j - 100 stones (quivered)
 n - 22 bolts
 o - 23 arrows
Armour
 h - a +0 chain mail
 l - a +0 ring mail (worn)
 m - a +0 scale mail
 U - a +2 helmet (worn)
 X - a +0 robe
Scrolls
 k - 2 scrolls of teleportation


   Skills:
 - Level 3.7 Fighting
 * Level 4.4 Axes
 - Level 1.5 Dodging
 - Level 1.5 Stealth
 - Level 5.4 Spellcasting
 - Level 0.7 Transmutations
 - Level 2.4 Earth Magic


You had 13 spell levels left.
You knew the following spells:

 Your Spells              Type           Power        Failure   Level  Hunger
x - Sandblast             Erth           ##....       12%         1    N/A
P - Passwall              Tmut/Erth      #.......     26%         2    N/A

Your spell library contained the following spells:

 Spells                   Type           Power        Failure   Level  Hunger
 Stone Arrow              Conj/Erth      #.....       52%         3    N/A
 Petrify                  Tmut/Erth      #.......     86%         4    N/A
 Lee's Rapid Deconstruct  Erth           ##........   98%         5    N/A

Dungeon Overview and Level Annotations

Branches:
Dungeon (5/15)
 Temple: D:4-7

Altars:


Innate Abilities, Weirdness & Mutations

You do not eat or drink.
Your flesh is vulnerable to fire.
You are immune to poison.
Your flesh is cold resistant. (rC+)
You are immune to negative energy. (rN+++)
You are immune to unholy pain and torment.
You can survive without breathing.


Message History

Your ring mail prevents you from hitting the gnoll.
The gnoll closely misses you.
You closely miss the gnoll. The gnoll closely misses you.
The gnoll barely misses you.
You hit the gnoll.
You feel better.
The gnoll is lightly wounded.
The gnoll barely misses you.
You barely miss the gnoll.
The gnoll is lightly wounded.
The gnoll hits you with a +0 halberd.
You barely miss the gnoll.
The gnoll is lightly wounded.
The gnoll hits you but does no damage.
You closely miss the gnoll.
The gnoll is lightly wounded.
The gnoll misses you.
You slash the gnoll!
You feel better.
The gnoll is almost dead.
The gnoll hits you with a +0 halberd.
You slash the gnoll!
You kill the gnoll!
You climb downwards.
The gnoll throws a throwing net.
The throwing net barely misses you.
The gnoll throws a throwing net.
The throwing net hits you.
You become entangled in the net!
The gnoll hits you from afar with a +0 halberd!
There is a stone staircase leading up here.
Things that are here:
a throwing net x2
You struggle against the net.
The gnoll hits you from afar with a +0 halberd.
You struggle against the net.
You struggle against the net.
The gnoll hits you but does no damage. x2
You rip the net and break free!
The gnoll hits you from afar with a +0 halberd!
The gnoll hits you.
* * * LOW HITPOINT WARNING * * *
The gnoll hits you from afar with a +0 halberd!
* * * LOW HITPOINT WARNING * * *
The gnoll hits you.
You die...

############
#..@g......#
#.#.######.#
# #g. #)..
#.### #.#
#.# ...


You could see 2 gnolls.

Vanquished Creatures
  Edmund (D:4)
  Purgy (D:4)
  A scorpion (D:4)
  A howler monkey (D:4)
  A hound (D:4)
  An orc wizard (D:4)
  An orc priest (D:4)
  Natasha (twice) (D:4)
  An iguana (D:4)
  3 worker ants (D:4)
  6 gnolls
  4 adders
  2 worms (D:3)
  A dart slug (D:4)
  2 leopard geckos
  3 orcs (D:4)
  2 bats (D:3)
  A goblin (D:3)
  5 hobgoblins
  A frilled lizard (D:4)
  A kobold (D:3)
  A rat (D:3)
42 creatures vanquished.

Notes
Turn   | Place    | Note
-------+----------+-------------------------------------------
     0 | D:1      | glosham the Mummy Earth Elementalist began the quest for
                  | the Orb.
     0 | D:1      | Reached XP level 1. HP: 13/13 MP: 4/4
   266 | D:3      | Reached skill level 3 in Spellcasting
   272 | D:3      | Reached skill level 1 in Fighting
   293 | D:3      | Reached XP level 2. HP: 21/21 MP: 3/6
   342 | D:3      | Learned a level 2 spell: Passwall
   458 | D:3      | Reached XP level 3. HP: 27/27 MP: 6/8
   530 | D:3      | Reached skill level 2 in Fighting
   577 | D:3      | Reached skill level 4 in Spellcasting
   677 | D:3      | Reached XP level 4. HP: 30/34 MP: 6/10
   809 | D:4      | Noticed Edmund
   842 | D:4      | Killed Edmund
   842 | D:4      | Reached skill level 3 in Fighting
   842 | D:4      | Reached skill level 5 in Spellcasting
   842 | D:4      | Reached XP level 5. HP: 29/42 MP: 4/12
   892 | D:4      | Reached skill level 1 in Axes
   916 | D:4      | Reached XP level 6. HP: 33/48 MP: 14/14
  1010 | D:4      | Reached skill level 2 in Axes
  1155 | D:4      | Noticed Purgy
  1163 | D:4      | Reached skill level 3 in Axes
  1173 | D:4      | Killed Purgy
  1207 | D:4      | Noticed Natasha
  1216 | D:4      | Killed Natasha
  1216 | D:4      | Reached XP level 7. HP: 32/53 MP: 15/15
  1251 | D:4      | Noticed Natasha
  1260 | D:4      | Reached skill level 4 in Axes
  1268 | D:4      | Killed Natasha
  1462 | D:5      | Entered Level 5 of the Dungeon
  1489 | D:5      | HP: 1/53 [gnoll/+0 halberd (12)]
  1489 | D:5      | Slain by a gnoll

Skill      XL: |  1  2  3  4  5  6  7 |
---------------+----------------------+-----
Spellcasting   | 3 4 5 |  5.4
Fighting       | 1 2 3 |  3.7
Axes           | 1 3 4 |  4.4
Dodging        | |  1.5
Stealth        | |  1.5
Transmutations | |  0.7
Earth Magic    | |  2.4

Action                   |  1- 3 |  4- 6 |  7- 9 || total
-------------------------+-------+-------+-------++-------
Melee: Club              |    28 |       |       ||    28
       Flail             |     5 |    14 |       ||    19
       Rapier            |       |     7 |       ||     7
       War axe           |       |    62 |    38 ||   100
 Fire: Blowgun           |       |     4 |       ||     4
Throw: Stone             |     1 |       |       ||     1
 Cast: Sandblast         |    34 |    12 |     1 ||    47
  Use: Scroll            |       |     6 |       ||     6
 Stab: Sleeping          |       |     1 |       ||     1
Armor: Ring mail         |    15 |    42 |    16 ||    73
Dodge: Dodged            |    31 |    38 |    21 ||    90

Table legend:
 A = Turns spent in this place as a percentage of turns spent in the entire game.
 B = Non-inter-level travel turns spent in this place as a percentage of non-inter-level travel turns spent in the entire game.
 C = Inter-level travel turns spent in this place as a percentage of turns spent in this place.
 D = Turns resting spent in this place as a percentage of non-inter-level travel turns spent in this place.
 E = Turns spent auto-exploring this place as a percentage of non-inter-level travel turns spent in this place.
 F = Non-inter-level travel turns spent in this place divided by the number of levels of this place that you've seen.
                   A       B       C       D       E      F
               +-------+-------+-------+-------+-------+----------------------
         Total | 100.0 | 100.0 |   1.8 |   5.2 |   0.0 | 292.4
       Dungeon | 100.0 | 100.0 |   1.8 |   5.2 |   0.0 | 292.4
               +-------+-------+-------+-------+-------+----------------------

Table legend:
 A = Kills in this place as a percentage of kills in entire the game.
 B = Kills by you in this place as a percentage of kills by you in the entire game.
 C = Kills by friends in this place as a percentage of kills by friends in the entire game.
 D = Other kills in this place as a percentage of other kills in the entire game.
 E = Experience gained in this place as a percentage of experience gained in the entire game.
 F = Experience gained in this place divided by the number of levels of this place that you have seen.
                   A       B       C       D       E      F
               +-------+-------+-------+-------+-------+----------------------
         Total | 100.0 | 100.0 |   N/A |   N/A | 100.0 | 185.8
       Dungeon | 100.0 | 100.0 |   N/A |   N/A | 100.0 | 185.8
               +-------+-------+-------+-------+-------+----------------------

Levels and vault maps discovered:
D:1:      minmay_arrival_loop, layout_rooms, xom_teletrap_fun
D:2:      layout_loops_ring
D:3:      layout_basic, minivault_26
D:4:      layout_loops_ring, uniq_edmund, uniq_purgy, uniq_natasha
D:5:      layout_basic, nemelex_xobeh_ov_fountains_minmay,
          minmay_temple_entry_stoned_glass, first_ration, basic_altar,
          serial_shops, shop, uniq_pikel
